[Event "Late-Titled-Tuesday-Blitz-March-12-2024"]
[Site "Chess.com"]
[Date "2024.03.12"]
[Round "4"]
[White "Resignify"]
[Black "MalyDominator"]
[Result "1/2-1/2"]
[WhiteElo "2261"]
[BlackElo "2556"]
[TimeControl "180+1"]
[EndTime "14:39:09 PDT"]
[Termination "Game drawn by repetition"]

1. e4 c5 2. Nc3 Nc6 3. g3 g6 4. Bg2 d6 5. d3 Bg7 6. f4 e6 7.
Nf3 Nge7 8. Be3 O-O 9. O-O Rb8 10. Rb1 b5 11. a3 b4 12. axb4 cxb4 13. Ne2 d5 14. e5 Nf5 15. Bc5 Re8 16. g4 Nh4 17. Nxh4 Qxh4 18. Nd4 Nxd4 19. Bxd4 f6 20. Bxa7 Ba6 21.
Bf2 Qh6 22. exf6 Bxf6 23. g5 Bxg5 24. fxg5 Qxg5 25. Bg3 Rbc8 26. Qf3 Rf8 27. Qe2 Rfe8 28. Ra1 Bb5 29. Ra7 b3 30. cxb3 Rc1 31. Bf4 Qxf4 32.
Rxc1 Qxc1+ 33. Bf1 Qc5+ 34. Qf2 Qxf2+ 35. Kxf2 Rf8+ 36.
Ke1 e5 37. Bh3 Bxd3 38. Be6+ Kh8 39. Bxd5 e4 40. Kd2 Rf2+ 41. Ke3 Rxb2 42. Bxe4 Bxe4 43. Kxe4 Rxb3 44. Ra2 Rh3 45. Kf4 Kg7 46. Kg4 Rb3 47. Ra7+ Kh6 48. Ra2 Rb4+ 49. Kg3 Kh5 50. h3 g5 51. Kg2 h6 52. Rc2 Rb3 53. Ra2 Rd3 54. Rb2 Rd4 55. Rb3 Kh4 56. Rb2 Rf4 57. Kh2 h5 58.
Rc2 Re4 59. Kg2 g4 60. hxg4 hxg4 61. Rc3 Rf4 62. Rb3 Ra4 63. Rc3 Ra2+ 64. Kg1 g3 65. Rc8 Ra1+ 66. Kg2 Ra2+ 67. Kg1 Ra1+ 68. Kg2 Ra2+ 69.
Kg1 1/2-1/2

[Event "Late-Titled-Tuesday-Blitz-March-12-2024"]
[Site "Chess.com"]
[Date "2024.03.12"]
[Round "4"]
[White "mightysmasher"]
[Black "ameetghasi100"]
[Result "0-1"]
[WhiteElo "2591"]
[BlackElo "2815"]
[TimeControl "180+1"]
[EndTime "14:39:10 PDT"]
[Termination "ameetghasi100 won by checkmate"]

1. e4 g6 2. d4 d6 3. Nf3 Nf6 4. Nc3 Bg7 5. Be2 O-O 6. O-O Nc6 7. d5 Nb8 8. Re1 c6 9. Bg5 a6 10. Qd2 b5 11. dxc6 Nxc6 12. Rad1 Bb7 13. a3 Rc8 14.
Bh6 Na5 15. Bxg7 Kxg7 16. Qg5 h6 17. Qe3 Qc7 18. Bd3 e5 19. Nh4 Nh5 20. g3 Rfe8 21.
Be2 Nf6 22. g4 Nh7 23. Nf3 Nf8 24. g5 h5 25. Nh4 Ne6 26. Ng2 Qe7 27. h4 Nc4 28.
Bxc4 Rxc4 29. Nd5 Bxd5 30. exd5 Nc5 31. c3 Nd7 32. f4 Qd8 33. Kh1 Nb6 34. Rd2 Rc5 35.
Qf3 Nc4 36. Rf2 exf4 37. Rxe8 Qxe8 38. Qxf4 Qe7 39. Qd4+ Kg8 40. Nf4 Ne5 41. b3 Qc7 42. Ne2 Qc8 43. Kg2 Qa8 44. Nf4 Qc8 45. Ne2 Rc7 46.
a4 bxa4 47. Qxa4 Qb7 48. Qe8+ Kg7 49. c4 Re7 50. Qd8 Ng4 51. Qxd6 Nxf2 52. Qf6+ Kg8 53.
Kxf2 Qa7+ 54. Kf1 Qe3 55. Qf2 Qe4 56. d6 Re6 57. c5 Qd3 58. b4 Re5 59. Ke1 Qb1+ 60.
Kd2 Qxb4+ 61. Kd1 Rxc5 62. Nd4 Rd5 63. Ke2 Rxd4 64. Qf6 Qb2+ 65. Ke3 Qc3+ 66. Ke2 Rd2+ 67. Ke1 Qc1# 0-1

[Event "Late-Titled-Tuesday-Blitz-March-12-2024"]
[Site "Chess.com"]
[Date "2024.03.12"]
[Round "4"]
[White "noblerone"]
[Black "KaydenTroffChess"]
[Result "0-1"]
[WhiteElo "2592"]
[BlackElo "2819"]
[TimeControl "180+1"]
[EndTime "14:39:11 PDT"]
[Termination "KaydenTroffChess won by checkmate"]

1. d4 Nf6 2. Nf3 g6 3. Bg5 Bg7 4.
Nbd2 d5 5. e3 O-O 6. Be2 Nbd7 7.
O-O Re8 8. c4 c5 9. Rc1 cxd4 10.
exd4 dxc4 11. Nxc4 Nb6 12. Nce5 Be6 13. Bb5 Rf8 14. b3 Qd5 15. Bc4 Nxc4 16. bxc4 Qa5 17. Qb3 Rab8 18. h3 Rfe8 19. Rfd1 Qa6 20. d5 Bf5 21. Nd4 Ne4 22. Nxf5 gxf5 23. Bf4 Rbc8 24. Nd3 Bd4 25. Be3 Bxe3 26. fxe3 Qh6 27. Nf4 b6 28. Qd3 Qf6 29. Rf1 Qe5 30. Rf3 Kh8 31. Qd4 Qxd4 32. exd4 Rg8 33. Re3 Rg3 34. Rxg3 Nxg3 35. Kf2 Ne4+ 36.
Ke3 Kg7 37. g4 Nd6 38. c5 fxg4 39. hxg4 bxc5 40. dxc5 Nb5 41. a4 Nc7 42. Kd4 Rd8 43. Kc4 Kf6 44. Rf1 Kg5 45. Nh3+ Kxg4 46. Nf2+ Kf3 47. Nd3+ Ke3 48. Rxf7 Nxd5 49. Rxh7 e6 50. Rh3+ Ke2 51. Rh2+ Ke3 52. Rh3+ Kd2 53. Rh2+ Kd1 54.
Rh1+ Ke2 55. Rh2+ Kf3 56. Rf2+ Ke3 57. Rf7 Ke4 58. Rxa7 Ne3+ 59. Kb5 Rxd3 60. c6 Rb3+ 61. Kc5 e5 62. Ra8 Rc3+ 63. Kb6 Nd5+ 64. Kb7 Kd4 65.
Rd8 e4 66. a5 e3 67. a6 e2 68.
Re8 Ne3 69. Rd8+ Ke4 70. a7 e1=Q 71. a8=Q Qb1+ 72. Kc8 Kf4 73. Rf8+ Nf5 74. c7 Qb4 75. Qb8 Qxf8+ 76. Kb7 Rb3+ 77. Ka7 Qa3# 0-1

[Event "Late-Titled-Tuesday-Blitz-March-12-2024"]
[Site "Chess.com"]
[Date "2024.03.12"]
[Round "4"]
[White "Fandorine"]
[Black "Polish_fighter3000"]
[Result "0-1"]
[WhiteElo "2952"]
[BlackElo "3140"]
[TimeControl "180+1"]
[EndTime "14:39:12 PDT"]
[Termination "Polish_fighter3000 won by checkmate"]

1. d4 Nf6 2. c4 g6 3. Nc3 d5 4.
cxd5 Nxd5 5. e4 Nxc3 6. bxc3 Bg7 7. Bc4 c5 8. Ne2 O-O 9. Be3 Nc6 10. Rc1 e6 11. h4 h5 12. Bg5 Qa5 13. O-O b5 14. Bb3 Re8 15. e5 Bb7 16. Nf4 cxd4 17. cxd4 Qb6 18.
d5 Nxe5 19. dxe6 fxe6 20. Bc2 Rad8 21. Bxd8 Rxd8 22. Qe2 Rd4 23. Qe3 Kf7 24. Bxg6+ Nxg6 25. Rc7+ Ne7 26. Nxe6 Qxe6 27. Rxb7 Bf6 28. Rxb5 Qxe3 29. fxe3 Rxh4 30. Ra5 Re4 31. Ra6 Nd5 32. Rf5 Nb6 33. Rxh5 Rxe3 34. Rxa7+ Kg6 35. Rh3 Re2 36. Kf1 Rc2 37.
Rg3+ Kf5 38. Raa3 Nc4 39. Raf3+ Ke5 40. Rd3 Bh4 41. Rh3 Bg5 42. Kg1 Bf4 43. Rh5+ Ke4 44. Rd1 Ne3 45. Re1 Rxg2+ 46. Kh1 Rxa2 47. Rh3 Rd2 48.
Rh4 Kf3 49. Rh3+ Kf2 50. Rg1 Re2 51. Rh4 Kf3 52. Rh3+ Ke4 53. Rh4 Rf2 54. Re1 Kf5 55. Rh3 Nc2 56. Rg1 Nd4 57. Rh5+ Ke4 58. Re1+ Be3 59. Rh3 Nf3 60. Ra1 Rd2 61. Rf1 Ne5 62. Rh4+ Kd3 63. Rh3 Nc4 64. Re1 Rc2 65. Rd1+ Ke2 66.
Ra1 Nd2 67. Rh2+ Bf2 68. Ra8 Rc3 69. Re8+ Kf1 70. Rf8 Ne4 71. Rh7 Rg3 72. Kh2 Rg2+ 73. Kh1 Ng3# 0-1

[Event "Late-Titled-Tuesday-Blitz-March-12-2024"]
[Site "Chess.com"]
[Date "2024.03.12"]
[Round "4"]
[White "Korchmar_Vasiliy"]
[Black "Smiechu"]
[Result "1-0"]
[WhiteElo "2698"]
[BlackElo "2473"]
[TimeControl "180+1"]
[EndTime "14:39:14 PDT"]
[Termination "Korchmar_Vasiliy won on time"]

1. e4 c5 2. d4 cxd4 3. Qxd4 Nc6 4. Qd3 g6 5. Nc3 Bg7 6. Nf3 Nf6 7. Be2 O-O 8. O-O d6 9. Nd5 Bg4 10. c3 Bxf3 11.
Qxf3 e6 12. Nxf6+ Qxf6 13. Qxf6 Bxf6 14. Rd1 Rfd8 15. Be3 d5 16. exd5 exd5 17. Bf3 d4 18. cxd4 Nxd4 19. Bxb7 Rab8 20. Be4 Rxb2 21. a4 Ne2+ 22.
Kf1 Rxd1+ 23. Rxd1 Nc3 24. Bf3 Nxd1 25. Bxd1 a5 26.
g4 Kg7 27. g5 Be5 28. h4 f6 29. Kg2 fxg5 30. hxg5 Rb4 31. Kf3 Bd4 32. Bd2 Rb1 33.
Be2 Bb6 34. Bc4 Kf8 35. Bb5 Bd8 36. Ke2 Rg1 37. f4 Bc7 38. Be3 Rg2+ 39. Kf3 Rb2 40.
Bc5+ Kf7 41. Bc4+ Ke8 42. Bb5+ Kd8 43. Be3 Rb3 44. Ke4 Rb4+ 45. Kf3 Kc8 46. Bd2 Rb3+ 47. Ke2 Kb7 48. Be3 Bb6 49. Bd2 Rb2 50. Kd3 Rb3+ 51. Ke4 Bc7 52. Be3 Rb1 53. Bd2 Rg1 54. Be3 Bb6 55. Bxg1 Bxg1 56. Bc4 Bf2 57. Bg8 Be1 58. Bxh7 Kc6 59. Bxg6 Kd6 60. Kf5 Bc3 61. Bh5 Ke7 62. Be2 Kf7 63. Bc4+ Kg7 64. Kg4 Kf8 65. f5 Kg7 66.
f6+ Kg6 67. Bd3+ Kf7 68. Kf5 Kf8 69. g6 Kg8 70. Bc4+ Kh8 71. g7+ 1-0

[Event "Late-Titled-Tuesday-Blitz-March-12-2024"]
[Site "Chess.com"]
[Date "2024.03.12"]
[Round "4"]
[White "rasmussvane"]
[Black "oskariot"]
[Result "1/2-1/2"]
[WhiteElo "2949"]
[BlackElo "2769"]
[TimeControl "180+1"]
[EndTime "14:39:15 PDT"]
[Termination "Game drawn - insufficient material"]

1. Nf3 c5 2. c4 g6 3. d4 cxd4 4.
Nxd4 Nc6 5. e4 Nf6 6. Nc3 d6 7. Nc2 Bg7 8. Be2 O-O 9. O-O Nd7 10. Bd2 Nc5 11. b4 Ne6 12. Rb1 Ncd4 13. Nxd4 Nxd4 14.
Bd3 Be6 15. Be3 Nf3+ 16. Qxf3 Bxc3 17. Rfc1 Bg7 18. Qe2 Qd7 19. c5 dxc5 20. Bb5 Qc7 21. Rxc5 Qb8 22. Rbc1 a6 23. Bc4 Bxc4 24. Qxc4 e6 25.
g3 b5 26. Qb3 Qb7 27. Qc2 Rad8 28. Rc7 Qa8 29. Qc6 Be5 30. Ra7 Qxc6 31. Rxc6 Bd4 32. Bxd4 Rxd4 33. a3 Rxe4 34. Rcxa6 Rc8 35. Ra8 Rxa8 36.
Rxa8+ Kg7 37. Ra5 Re1+ 38. Kg2 Ra1 39. Kf3 Ra2 40. Ke3 f5 41. f4 Kf6 42. h4 h6 43. Kd4 g5 44. hxg5+ hxg5 45. Kc5 gxf4 46. gxf4 e5 47. fxe5+ Kxe5 48. Kxb5 f4 49. Kc4+ Ke4 50. Ra8 f3 51. Re8+ Kf4 52. Rf8+ Ke3 53. Kb3 Rd2 54. Re8+ Kf4 55. Kc3 Rd5 56. Rf8+ Ke3 57. a4 Rd3+ 58. Kc4 Rd4+ 59. Kc5 Rf4 60. Re8+ Kd2 61. Rd8+ Ke2 62. Re8+ Kd2 63. Rh8 f2 64. Rh1 f1=Q 65. Rxf1 Rxf1 66.
a5 Kc3 67. a6 Rf5+ 68. Kb6 Kxb4 69. a7 Rf8 70. Kb7 Kb5 71. a8=Q Rf7+ 72. Kc8 Rf8+ 73. Kb7 Rxa8 74. Kxa8 1/2-1/2

[Event "Late-Titled-Tuesday-Blitz-March-12-2024"]
[Site "Chess.com"]
[Date "2024.03.12"]
[Round "4"]
[White "guillembaches"]
[Black "janhelmer03"]
[Result "0-1"]
[WhiteElo "2549"]
[BlackElo "2408"]
[TimeControl "180+1"]
[EndTime "14:39:16 PDT"]
[Termination "janhelmer03 won by resignation"]

1. Nf3 c5 2. e4 Nc6 3. d4 cxd4 4. Nxd4 Nf6 5. Nc3 g6 6. Nxc6 dxc6 7. Qxd8+ Kxd8 8. e5 Ng4 9. f4 f6 10. h3 Nh6 11. g4 Bg7 12. exf6 exf6 13. Be3 Re8 14. O-O-O+ Kc7 15. Bc5 Nf7 16. Bc4 Be6 17. Bxe6 Rxe6 18.
Rhe1 Rae8 19. Rxe6 Rxe6 20. Bxa7 f5 21. Bd4 Bh6 22.
g5 Bf8 23. Kd2 Bd6 24. Ne2 Re4 25. Be3 Nd8 26. Nc3 Re8 27. Rf1 Ne6 28. Ne2 Rd8 29. Kc3 Bf8 30. b4 Bg7+ 31. Kb3 Re8 32. Rf3 Kc8 33. c3 Nc7 34. Nd4 Re4 35. Bd2 Bxd4 36. cxd4 Rxd4 37. Bc3 Re4 38. h4 Nd5 39. Bd2 Rd4 40. Bc1 Rxb4+ 41. Kc2 Re4 42. h5 b5 43. hxg6 hxg6 44. Bd2 Kb7 45. Kd3 c5 46. Rh3 c4+ 47.
Kc2 Nxf4 48. Rh7+ Kc6 49. Rh6 Re2 50. Kd1 Rxd2+ 51. Kxd2 Kd5 52. Ke3 Ke5 53. Rh8 Nd5+ 54. Kd2 Kd4 55. Rg8 c3+ 56. Kc2 Ne3+ 57. Kc1 f4 58.
Rxg6 f3 59. Rf6 Ke4 60. g6 Nf5 61. Kd1 f2 62. Ke2 c2 63. Rc6 Nd4+ 64. Kxf2 Nxc6 65. g7 c1=Q 66. g8=Q Qe3+ 67. Kf1 Qf3+ 68. Ke1 Nd4 69. Qe8+ Kd3 70. Qg6+ Qe4+ 71. Qxe4+ Kxe4 72. Kd2 Kd5 73. Kc3 Kc5 74. Kb2 Kb4 75. Ka1 Ka3 76. Kb1 Nc6 77.
Ka1 Nb4 78. Kb1 Nxa2 0-1

[Event "Late-Titled-Tuesday-Blitz-March-12-2024"]
[Site "Chess.com"]
[Date "2024.03.12"]
[Round "4"]
[White "Msb2"]
[Black "K_A_S_T_O_R"]
[Result "1-0"]
[WhiteElo "3023"]
[BlackElo "2854"]
[TimeControl "180+1"]
[EndTime "14:39:19 PDT"]
[Termination "Msb2 won by resignation"]

1. d4 Nf6 2. c4 e6 3. Nc3 Bb4 4. e3 O-O 5. Bd2 b6 6. Nf3 Bb7 7. Bd3 d5 8. cxd5 exd5 9. Rc1 a6 10. O-O Re8 11. Ne5 Bf8 12. f4 c5 13. Be1 cxd4 14. exd4 Nc6 15. Bf2 Rc8 16. Kh1 Ne7 17. Qf3 b5 18. a3 Qd6 19. Rfe1 g6 20. f5 Bg7 21.
Bg3 Qb6 22. Bf2 Nxf5 23. Bxf5 gxf5 24. Qxf5 Qe6 25. Qf3 Ne4 26. Nxe4 dxe4 27. Qg3 Kh8 28. Be3 f6 29. Ng4 Bd5 30. h3 Rg8 31. Qf4 Rc4 32.
Nh6 Rgc8 33. Rxc4 Rxc4 34. Nf5 Rc8 35. Nxg7 Kxg7 36. Rf1 Rf8 37. Qh6+ Kg8 38. Rc1 Qe7 39. Qh5 Rd8 40. Rc5 Bf7 41. Qh4 Bg6 42. Qf4 Qd6 43.
Qf2 Kg7 44. Qh4 Kg8 45. d5 Qe5 46. Qg4 Qf5 47. Qg3 Qe5 48. Qg4 Qf5 49. Qd1 Qe5 50. b4 Bf7 51. Qg4+ Kh8 52. Rc7 Qxc7 53. Bd4 Qe7 54. Qf4 Rd6 55. Bc5 Qe5 56. Qxe5 fxe5 57. Bxd6 Bxd5 58. Bxe5+ Kg8 59. Kg1 Kf7 60. Kf2 Ke6 61.
Bd4 h5 62. g4 hxg4 63. hxg4 Bb3 64. Ke3 Bd5 65. Kf4 Kf7 66. Ke5 Bb7 67. Kd6 Kg6 68.
Be3 Bc8 69. g5 Kf5 70. Kc5 Be6 71. Kb6 Bc4 72. Kxa6 Ke6 73. Kb6 Kd6 74. g6 Kd7 75. g7 Kd6 76. Ka5 Kc6 77. Bd4 Bd5 78. a4 bxa4 79.
b5+ Kb7 80. Kxa4 Bf7 81. Kb4 Kc7 82. Kc5 Kd7 83. b6 Bg8 84. Be5 Kc8 85. Kc6 1-0

[Event "Late-Titled-Tuesday-Blitz-March-12-2024"]
[Site "Chess.com"]
[Date "2024.03.12"]
[Round "4"]
[White "ContrVersia"]
[Black "yaguigor"]
[Result "1-0"]
[WhiteElo "2873"]
[BlackElo "2612"]
[TimeControl "180+1"]
[EndTime "14:39:22 PDT"]
[Termination "ContrVersia won by resignation"]

1. d4 d5 2. c4 c6 3. Nf3 Nf6 4. Qc2 dxc4 5. Qxc4 Bf5 6. g3 e6 7. Bg2 Be7 8. O-O Nbd7 9. Nc3 O-O 10. Rd1 Bc2 11.
e3 Bxd1 12. Nxd1 Qc7 13. Nc3 e5 14. Qb3 exd4 15. exd4 Nb6 16. Bg5 Nfd5 17. Bd2 Nxc3 18. bxc3 Rad8 19. a4 Nc8 20. Rb1 b6 21. Ne5 c5 22.
Nc6 Rde8 23. d5 Bd6 24. a5 bxa5 25. c4 f5 26. Bxa5 Qf7 27. f4 Qh5 28. Bc3 Rf7 29.
Be5 g5 30. Bf3 Qh6 31. Kh1 g4 32. Be2 Qf8 33. Rf1 h5 34. Qb1 h4 35. Kg2 Rh7 36.
Bd3 hxg3 37. hxg3 Qh6 38. Rh1 Qxh1+ 39. Qxh1 Rxh1 40. Kxh1 Rf8 41. Kg2 Kh7 42. Nxa7 Bxe5 43. Nxc8 Bc7 44. Ne7 Kg7 45. Nxf5+ Kf6 46. Nh6 Ra8 47.
Nxg4+ Ke7 48. Kf3 Ra3 49. Ke4 Ra1 50. Ne3 Re1 51. g4 Ba5 52. Kf3 Bd2 53. Nf5+ Kd7 54.
g5 Rg1 55. Ng3 Be1 56. Ne2 Rf1+ 57. Kg4 Bd2 58. g6 Ke7 59. Kf5 Bc1 60. Nxc1 Rxc1 61. Ke5 Re1+ 62. Be4 Rd1 63. f5 Rf1 64. d6+ Kd7 65. g7 Rg1 66. f6 Rg5+ 67. Bf5+ Kc6 68. d7 Kc7 69. Ke6 Rg3 70. Kf7 Re3 71. g8=Q Rd3 72. Qc8+ Kd6 73. d8=Q+ Ke5 74. Qxd3 Kf4 75. Qe4+ Kg5 76. Qg4+ 1-0

[Event "Late-Titled-Tuesday-Blitz-March-12-2024"]
[Site "Chess.com"]
[Date "2024.03.12"]
[Round "4"]
[White "Mikhail_Bryakin"]
[Black "Mackster23"]
[Result "1-0"]
[WhiteElo "2737"]
[BlackElo "2564"]
[TimeControl "180+1"]
[EndTime "14:39:33 PDT"]
[Termination "Mikhail_Bryakin won by checkmate"]

1. Nf3 d5 2. c4 e6 3. e3 Nf6 4.
cxd5 exd5 5. b3 Bd6 6. Bb2 O-O 7.
Be2 h6 8. h3 Bf5 9. d3 Nbd7 10.
O-O Re8 11. Nbd2 c6 12. a3 a5 13. Qc2 Bh7 14. Rac1 Qe7 15. Nb1 Nc5 16. Qc3 Ne6 17. Rfe1 Bc7 18. Bf1 Qd6 19. g3 Nh5 20. Bg2 Nxg3 21.
fxg3 Qxg3 22. Nbd2 f6 23. Nf1 Qg6 24. Rcd1 Qh5 25.
Qd2 Bf5 26. Qf2 Nc5 27. Qh4 Qg6 28. e4 dxe4 29. dxe4 Bxe4 30. Qg4 Qxg4 31. hxg4 Nxb3 32. Rd7 Bb6+ 33. Kh2 Nc5 34. Rd2 Bd5 35. Rxe8+ Rxe8 36. Ng3 Re3 37. Bd4 Rxf3 38. Bxf3 Bxf3 39. Rb2 Ba7 40. Nf5 Na4 41. Rxb7 Bxd4 42. Nxd4 Bxg4 43. Kg3 Bh5 44.
Ra7 Nc5 45. Rxa5 Ne4+ 46. Kf4 Nd6 47. Nxc6 g5+ 48. Kg3 Kf7 49. Ra7+ Ke6 50. Nd8+ Kd5 51. a4 f5 52. a5 f4+ 53. Kh2 g4 54. Re7 f3 55.
Rd7 Kc5 56. Rxd6 Kxd6 57. a6 Kc7 58. a7 Kxd8 59. a8=Q+ Ke7 60. Qa5 Bf7 61. Kg3 Be6 62.
Qe5 Kf7 63. Qh5+ Kg7 64. Qe5+ Kf7 65. Qd4 Kg6 66. Qh8 Bf5 67. Qg8+ Kf6 68. Qf8+ Kg6 69.
Qd6+ Kg5 70. Qf4+ Kg6 71. Qd2 h5 72. Kh4 Kf6 73. Kxh5 Be6 74. Kh4 Ke7 75. Qd4 Kf7 76.
Kg3 Ke7 77. Kf4 Kf7 78. Qf2 Kf6 79. Qh4+ Kg6 80. Qg5+ Kf7 81. Ke5 Bd7 82. Qf6+ Kg8 83. Qg6+ Kf8 84. Kf6 f2 85. Qg7+ Ke8 86. Qe7# 1-0

[Event "Late-Titled-Tuesday-Blitz-March-12-2024"]
[Site "Chess.com"]
[Date "2024.03.12"]
[Round "4"]
[White "Aram7Adam"]
[Black "Goryachkina"]
[Result "1/2-1/2"]
[WhiteElo "2451"]
[BlackElo "2664"]
[TimeControl "180+1"]
[EndTime "14:39:44 PDT"]
[Termination "Game drawn by repetition"]

1. e4 c6 2. d4 d5 3. Nd2 dxe4 4. Nxe4 Nf6 5. Nxf6+ exf6 6. c3 Bf5 7. Bd3 Bxd3 8.
Qxd3 Bd6 9. Ne2 O-O 10. O-O Nd7 11.
Bf4 Nb6 12. Bxd6 Qxd6 13. Ng3 Rfe8 14. Rfe1 Nd5 15. Nf5 Qd7 16. g3 g6 17. Ne3 Nc7 18. Kg2 Kg7 19. Re2 f5 20. Rae1 Re6 21. Kg1 Rae8 22. Ng2 Nd5 23. a3 b5 24. Re5 Rxe5 25. Rxe5 Rxe5 26. dxe5 Qe6 27. f4 Nb6 28. Ne3 a5 29.
Qd4 Nd7 30. a4 c5 31. Qd5 Qxd5 32. Nxd5 bxa4 33. Kf2 c4 34. Ke3 Nc5 35. Nb6 Nd3 36. Nxa4 f6 37. e6 Kf8 38. Kd4 Ke7 39. Kxc4 Ne1 40.
Kd5 g5 41. b4 axb4 42. cxb4 gxf4 43. gxf4 Nd3 44. b5 Nxf4+ 45. Kc6 Nxe6 46. b6 f4 47. Nc3 f3 48. Ne4 f5 49. Nf2 Nd4+ 50. Kd5 Nb5 51.
b7 Nc7+ 52. Ke5 Na6 53. Kxf5 Kd7 54. Kf4 Kc7 55. Kxf3 Nc5 56. Kf4 Nxb7 57. Kg5 Kd7 58. Kh6 Ke7 59. Kxh7 Kf7 60. Kh6 Nd6 61. Kg5 Kg7 62. h4 Nf7+ 63. Kg4 Nh6+ 64. Kf4 Nf7 65. Nd3 Nh8 66. Kf5 Ng6 67. h5 Ne7+ 68. Kg5 Ng8 69. Nc5 Kh7 70. Ne4 Kg7 71. Nd6 Kh7 72. Nc4 Kg7 73. Ne5 Nh6 74. Nd7 Nf7+ 75. Kf5 Nh6+ 76. Kg5 Nf7+ 77. Kf4 Kh6 78. Kg4 Kg7 79. Kf5 Nh6+ 80.
Ke6 Ng8 81. Kf5 Nh6+ 1/2-1/2

[Event "Late-Titled-Tuesday-Blitz-March-12-2024"]
[Site "Chess.com"]
[Date "2024.03.12"]
[Round "4"]
[White "Gabcur"]
[Black "katharinareinecke"]
[Result "1-0"]
[WhiteElo "2309"]
[BlackElo "1973"]
[TimeControl "180+1"]
[EndTime "14:39:47 PDT"]
[Termination "Gabcur won by checkmate"]

1. e4 c6 2. d4 d5 3. exd5 cxd5 4. c4 Be6 5. Nc3 Nf6 6. Bg5 h6 7.
Bxf6 exf6 8. Nf3 dxc4 9. d5 Bg4 10. Bxc4 Nd7 11. O-O Bxf3 12. Qxf3 Ne5 13. Bb5+ Ke7 14. Qe3 Kd6 15. Ne4+ Kc7 16. Rac1+ Kb8 17. Rfd1 a6 18. Bf1 Bd6 19. h3 Qd7 20. f4 Ng6 21. g3 h5 22. h4 Re8 23. Qf3 Qe7 24. Nc3 Bc5+ 25. Kh2 Qe3 26. Qxe3 Bxe3 27. Rc2 Ka7 28. d6 Rad8 29. Re2 Bc5 30. Rxe8 Rxe8 31. d7 Rd8 32. Bh3 Nf8 33. Re1 Ne6 34. Bxe6 fxe6 35. Rxe6 Rxd7 36. Re2 Bd4 37. Ne4 Bb6 38. Kg2 Rc7 39. Kf3 Rd7 40. f5 Rc7 41. g4 hxg4+ 42. Kxg4 Rc4 43. Kh5 Bd4 44. Kg6 Rc7 45. h5 Be5 46. b3 a5 47.
Rg2 Kb6 48. Kh7 g5+ 49. Kg6 Rc6 50. h6 Rc7 51. h7 Rc8 52. Kg7 Rc7+ 53. Kg6 Rc8 54.
Rg1 Kc6 55. Rh1 Kd5 56. h8=Q Rxh8 57. Rxh8 Kxe4 58. Rc8 g4 59. Kh5 g3 60. Rg8 Kxf5 61. Rg7 Kf4 62. Rxb7 f5 63. Rb8 Kf3 64. Rg8 f4 65.
Kg6 g2 66. Kf5 Kf2 67. Kxe5 f3 68. Ke4 g1=Q 69. Rxg1 Kxg1 70. Kxf3 Kf1 71. Ke3 Ke1 72. Kd3 Kd1 73. Kc3 Kc1 74. a4 Kb1 75. b4 axb4+ 76. Kxb4 Ka2 77. a5 Kb2 78. a6 Kc2 79. a7 Kd3 80.
a8=Q Ke3 81. Qd8 Kf4 82. Kc4 Kf5 83. Kd4 Kg4 84. Qf8 Kg5 85. Ke4 Kg6 86. Qf5+ Kh6 87. Qg4 Kh7 88. Kf5 Kh8 89. Kf6 Kh7 90. Qg7# 1-0

[Event "Late-Titled-Tuesday-Blitz-March-12-2024"]
[Site "Chess.com"]
[Date "2024.03.12"]
[Round "4"]
[White "Firouzja2003"]
[Black "mitrabhaa"]
[Result "0-1"]
[WhiteElo "3131"]
[BlackElo "2970"]
[TimeControl "180+1"]
[EndTime "14:40:14 PDT"]
[Termination "mitrabhaa won on time"]

1. Nf3 d5 2. g3 c6 3. Bg2 Bg4 4.
O-O Nd7 5. h3 Bh5 6. d4 e6 7. c4 Ngf6 8. cxd5 exd5 9. Qb3 Qb6 10. Qe3+ Be7 11. Nh4 Bg6 12. Nc3 Nf8 13. Nxg6 hxg6 14.
Na4 Qc7 15. Nc5 N8h7 16. Bd2 O-O 17. Rac1 Rfe8 18. Qd3 Nf8 19. b4 a6 20. a4 Bd6 21. b5 axb5 22. axb5 Qe7 23. bxc6 bxc6 24. e3 Bxc5 25. Rxc5 Qd7 26. Rfc1 Rac8 27. Qa6 Ne4 28.
Bxe4 Rxe4 29. Rxc6 Rce8 30. Kg2 Ne6 31. Rd6 Qe7 32.
Rxd5 Nc7 33. Qb7 Nxd5 34. Qxd5 Re6 35. Rc5 Rd6 36. Qc4 Qe4+ 37. f3 Qb1 38. Qc2 Qb7 39. Rc7 Qa8 40. Qc4 Rf6 41. e4 Qa3 42. Qc3 Qa6 43.
Qc4 Qa3 44. Bc3 Qc1 45. Qd3 Ra8 46. Ba5 Qb2+ 47. Rc2 Qa1 48. Bc3 Qa4 49. d5 Rb6 50. Rd2 Rb3 51. Qd4 Qxd4 52. Bxd4 Raa3 53. d6 Rd3 54.
Rxd3 Rxd3 55. Bc5 f6 56. f4 Kf7 57. g4 Ke6 58. f5+ gxf5 59. exf5+ Kd7 60. Bb4 Rb3 61.
Bc5 Kc6 62. d7 Rd3 63. Bf8 Rxd7 64. Kg3 Rf7 65. Ba3 Kd5 66. Kh4 Ra7 67. Bb4 Rb7 68.
Ba3 Ke4 69. Kh5 Rb3 70. Bf8 Rxh3+ 71. Kg6 Rg3 72. Bxg7 Rxg4+ 73. Kxf6 Rf4 74. Ke6 Rxf5 75. Kd6 Rf7 76. Bb2 Rb7 77. Bc3 Rb3 78. Bh8 Rg3 79. Kc6 Rg6+ 80. Kb7 Kd5 81. Ka7 Kc6 82. Bd4 Rg8 83.
Be5 Re8 84. Bb8 Re1 85. Ka8 Kb6 86. Ba7+ Ka6 87. Bb8 Re7 88. Bf4 Rd7 89. Kb8 Kb6 90. Ka8 Ka6 91. Kb8 Ra7 92. Kc8 Rb7 93. Be5 Kb6 94.
Bd4+ Kc6 95. Bf6 Rf7 0-1

[Event "Late-Titled-Tuesday-Blitz-March-12-2024"]
[Site "Chess.com"]
[Date "2024.03.12"]
[Round "4"]
[White "Rawnsdale"]
[Black "Andrei_Skvortsov"]
[Result "1/2-1/2"]
[WhiteElo "2517"]
[BlackElo "2735"]
[TimeControl "180+1"]
[EndTime "14:40:28 PDT"]
[Termination "Game drawn by stalemate"]

1. e4 c5 2. Nf3 Nc6 3. d4 cxd4 4. Nxd4 Nf6 5. Nc3 e5 6. Ndb5 d6 7. Nd5 Nxd5 8. exd5 Nb8 9. c4 Be7 10. c5 O-O 11. Be2 a6 12. Nxd6 Bxd6 13. cxd6 Qxd6 14. O-O Bf5 15. Be3 Nd7 16. Rc1 Rfc8 17. Qb3 b5 18. a4 bxa4 19. Qxa4 Rxc1 20. Rxc1 Qxd5 21. Rd1 Qe6 22. Bc4 Qe7 23. Qc6 Rd8 24. Bxa6 Nb8 25. Rxd8+ Qxd8 26. Qc4 Be6 27. Qf1 Nxa6 28.
Qxa6 Qd1+ 29. Qf1 Qb3 30. Qc1 f6 31. h3 h5 32. Qd2 Bd5 33. Qc3 Qb7 34. f3 Bb3 35.
Bf2 Qd5 36. Kh2 Kh7 37. Bg3 Qd1 38. Qe3 Qc2 39. f4 exf4 40. Qxf4 Bd5 41. Bf2 Qxb2 42.
Qf5+ g6 43. Qxd5 Qxf2 44. Qf7+ Kh6 45. Qf8+ Kg5 46. Qa3 Qf4+ 47. Kg1 Qd4+ 48. Kh2 Qe5+ 49. Kg1 h4 50. Qc1+ Kh5 51. Qd1+ Kh6 52. Qg4 Qe3+ 53.
Kh1 Qf2 54. Qc8 Qf1+ 55. Kh2 Qf4+ 56. Kh1 Kg5 57. Qc5+ Qe5 58. Qc1+ Kh5 59. Qd1+ Kh6 60. Qd2+ g5 61. Qd8 Kg6 62. Qg8+ Kf5 63. Qc8+ Kf4 64. Qg4+ Ke3 65. Qf3+ Kd2 66. Qf2+ Kd1 67. Qf3+ Kc1 68. Qa3+ Kc2 69. Qa2+ Kd1 70. Qb3+ Ke1 71. Qb4+ Kf2 72.
Qd2+ Kf1 73. Qd3+ Ke1 74. Kg1 Qf4 75. Qb1+ Kd2 76. Qb2+ Kd3 77. Qb3+ Kd4 78. Qb4+ Ke5 79. Qb8+ Ke4 80. Qb4+ Kf5 81. Qb3 Qd4+ 82. Kh1 Ke5 83. Qb5+ Qd5 84. Qe2+ Kf5 85. Qg4+ Kg6 86. Qe2 f5 87.
Qc2 Qd6 88. Qe2 Kf6 89. Qb2+ Ke6 90. Qc2 Qd5 91. Qe2+ Kf6 92. Qh5 Qd2 93. Qh6+ Ke5 94. Qg7+ Kf4 95. Qc7+ Ke3 96. Qe5+ Kf2 97. Qxf5+ Qf4 98.
Qxf4+ gxf4 99. Kh2 Kf1 100. Kh1 Ke2 101. Kh2 Kf2 102. Kh1 Kg3 103. Kg1 f3 104. gxf3 Kxf3 105. Kh2 Kf2 106.
Kh1 Kg3 107. Kg1 Kxh3 108. Kh1 Kg3 109. Kg1 h3 110. Kh1 h2 1/2-1/2

[Event "Late-Titled-Tuesday-Blitz-March-12-2024"]
[Site "Chess.com"]
[Date "2024.03.12"]
[Round "4"]
[White "GMKrikor"]
[Black "sergoy"]
[Result "1-0"]
[WhiteElo "2889"]
[BlackElo "3019"]
[TimeControl "180+1"]
[EndTime "14:40:46 PDT"]
[Termination "GMKrikor won by resignation"]

1. Nf3 d5 2. c4 c6 3. d4 Nf6 4. Nc3 e6 5. Qc2 dxc4 6. e4 b5 7. Be2 Nbd7 8. O-O Bb7 9. b3 b4 10. e5 bxc3 11. exf6 Nxf6 12. bxc4 Be7 13. Rb1 Qc8 14.
Qxc3 c5 15. Be3 Be4 16. Rb5 cxd4 17. Bxd4 O-O 18. h3 a6 19. Rg5 Bg6 20. Bd3 Rd8 21.
Bxg6 hxg6 22. Re1 Qc7 23. Rge5 Rac8 24. Rc1 Qb7 25. Qe3 Qb4 26. Qe2 Qa4 27. Re3 Nd5 28.
Rb3 Bf6 29. Bxf6 Nxf6 30. Rbc3 Rc5 31. Ne5 Rdc8 32. Kh2 R5c7 33. Nd3 Nd5 34. R3c2 Nb4 35. Nxb4 Qxb4 36. Qd3 Rc5 37. Qb3 Qa5 38. Qd3 Qc7+ 39. Qg3 Qc6 40. Qd3 a5 41. g3 a4 42. Kg1 g5 43.
Qe3 Qa6 44. Rd1 a3 45. Rdc1 Rxc4 46. Rxc4 Rxc4 47. Rxc4 Qxc4 48. Qxa3 Qd5 49. Qb3 Qc6 50. a4 Qc1+ 51. Kg2 Qc6+ 52. Kh2 Qc5 53. Kg1 Qc1+ 54. Kg2 Qc6+ 55. Kh2 Qc5 56. Qa2 Qa5 57. Kg2 Qa8+ 58.
Kf1 Qa5 59. Ke2 g6 60. Kf1 Qa6+ 61. Kg1 Qa5 62. Qb3 Qe1+ 63. Kg2 Qe4+ 64. Kh2 Qd4 65. Kg2 Qe4+ 66. Kh2 Qf5 67. Qa2 Qa5 68. Qb3 Qa7 69.
Kg1 Qa5 70. Qb5 Qe1+ 71. Kg2 Qe4+ 72. Kh2 Qd4 73. Kg1 Qd1+ 74. Kg2 g4 75. hxg4 Qxg4 76. a5 Qe4+ 77. Kg1 Qe1+ 78. Kg2 Qe4+ 79. Kh2 Qd4 80.
Qb6 Qd5 81. a6 Qh5+ 82. Kg2 Qd5+ 83. Kg1 Qd1+ 84. Kh2 Qh5+ 85. Kg2 Qd5+ 86. f3 Qd2+ 87. Qf2 Qa5 88. a7 Kg7 89. Qe3 e5 90. Kf1 f6 91. Ke2 g5 92. Kd1 Qa2 93. g4 Qa1+ 94.
Kc2 Qa2+ 95. Kd3 Qb3+ 96. Ke2 Qa2+ 97. Kf1 Qa1+ 98. Kf2 Qa2+ 99. Kg3 Qa1 100. Kf2 Qa2+ 101. Kg3 Qa1 102. Qf2 Kf7 103. Qb6 Qe1+ 104. Kg2 Qa1 105. Qb7+ Kg6 106. Qe4+ Kh6 107. a8=Q Qb2+ 108. Kf1 Qc1+ 109. Qe1 Qc4+ 110. Qe2 Qc1+ 111. Kf2 Qc5+ 112. Kg2 1-0